 Seeded DCSS version 0.27.1-33-g824d729ab1 (webtiles) character file.

Game seed: 9994578473121069481 (custom seed)

4166 voltaire321 the Stinger (level 10, 0/67 HPs)
             Began as an Octopode Venom Mage on Dec 8, 2021.
             Was an Initiate of Vehumet.
             Slain by Pikel (4 damage)
             ... on level 8 of the Dungeon.
             The game lasted 00:35:42 (11256 turns).

voltaire321 the Stinger (Octopode Venom Mage)      Turns: 11256, Time: 00:35:42

Health: 0/67       AC:  1    Str:  7    XL:     10   Next: 28%
Magic:  22/27      EV: 19    Int: 22    God:    Vehumet [......]
Gold:   123        SH: 12    Dex: 12    Spells: 13/20 levels left

rFire    . . .     SeeInvis +   m - +2 mace (holy)
rCold    . . .     Faith    .   h - +2 buckler
rNeg     . . .     Spirit   .   (helmet restricted)
rPois    .         Reflect  +   l - amulet of reflection
rElec    .         Harm     .   f - ring of magical power
rCorr    .         Rampage  .   a - ring of wizardry
Will     .....                  b - +4 ring of evasion
Stlth    +++.......             i - ring of see invisible
HPRegen  0.21/turn              (no ring)
MPRegen  0.20/turn              (no ring)
                                (no ring)
                                (no ring)

@: marked
A: almost no armour, amphibious, 8 rings, camouflage 1, gelatinous body 1,
(nimble swimmer 1), tentacles
a: Renounce Religion


You were on level 8 of the Dungeon.
You worshipped Vehumet.
Vehumet was noncommittal.
You visited 2 branches of the dungeon, and saw 9 of its levels.

You collected 1344 gold pieces.
You spent 1221 gold pieces at shops.

Inventory:

Hand Weapons
 m - a +2 mace of holy wrath (weapon)
 p - a +1 mace of draining
Missiles
 v - a throwing net
Armour
 h - a +2 buckler (worn)
Jewellery
 a - a ring of wizardry (right tentacle)
 b - a +4 ring of evasion (on tentacle)
 f - a ring of magical power (left tentacle)
 i - a ring of see invisible (on tentacle)
 l - an amulet of reflection (around mantle)
Wands
 d - a wand of polymorph (6)
 k - a wand of paralysis (4)
 r - a wand of flame (26)
 s - a wand of acid (11)
 x - a wand of iceblast (7)
Scrolls
 c - 3 scrolls of identify
 g - 2 scrolls of blinking
 y - a scroll of enchant weapon
 z - a scroll of fear {unknown}
Potions
 e - 3 potions of lignification
 j - 2 potions of invisibility
 n - 3 potions of curing
 o - a potion of might
 q - a potion of flight
 t - a potion of resistance
 u - a potion of brilliance
 w - a potion of berserk rage


   Skills:
 + Level 5.6 Fighting
 + Level 6.1 Dodging
 - Level 2.6 Stealth
 - Level 4.0 Shields
 + Level 5.6 Spellcasting
 - Level 5.0 Transmutations
 + Level 5.7 Air Magic
 + Level 7.8 Poison Magic


You had 13 spell levels left.
You knew the following spells:

 Your Spells              Type           Power      Damage    Failure   Level
a - Sting                 Tmut/Pois      100%       1d8       1%          1
b - Poisonous Vapours     Pois/Air       72%        N/A       1%          2
c - Olgreb's Toxic Radia  Pois           40%        N/A       1%          4

Your spell library contained the following spells:

 Spells                   Type           Power      Damage    Failure   Level
 Corpse Rot               Necr/Air       N/A        N/A       1%          2
 Wereblood                Tmut           28%        N/A       1%          2
 Mephitic Cloud           Conj/Pois/Air  26%        N/A       1%          3
 Foxfire                  Conj/Fire      24%        2x1d5     4%          1
 Sublimation of Blood     Necr           3%         N/A       6%          2
 Conjure Flame            Conj/Fire      6%         6-21      12%         3
 Inner Flame              Hex/Fire       6%         N/A       12%         3
 Ozocubu's Armour         Ice            6%         N/A       12%         3
 Leda's Liquefaction      Hex/Erth       3%         N/A       34%         4
 Freezing Cloud           Conj/Ice/Air   7%         6-21      41%         5
 Bolt of Magma            Conj/Fire/Erth 3%         4d5       67%         5
 Statue Form              Tmut/Erth      11%        N/A       87%         6
 Ozocubu's Refrigeration  Ice            3%         4d5       100%        7
 Summon Hydra             Summ           3%         N/A       100%        7


Dungeon Overview and Level Annotations

Branches:
Dungeon (8/15)             Temple (1/1) D:6
   Lair: D:8-11

Altars:
Ashenzari
Cheibriados
Dithmenos
Elyvilon
Fedhas
Gozag
Hepliaklqana
Kikubaaqudgha
Makhleb
Nemelex Xobeh
Okawaru
Qazlal
Ru
Sif Muna
Trog
Uskayaw
Vehumet
Wu Jian
Xom
Yredelemnul
Zin
The Shining One

Shops:
D:1 *=   D:4 :

Annotations:
D:8 Pikel


Innate Abilities, Weirdness & Mutations

You cannot wear most types of armour.
You are amphibious.
You can wear up to eight rings at the same time.
Your skin changes colour to match your surroundings (Stealth+).
Your rubbery body absorbs attacks. (AC +1, EV +1)
((You are camouflaged near water. (Stealth+)))
You have tentacles for arms and can constrict up to eight enemies at once.


Message History

Harold is almost dead.
You constrict Harold, but do no damage.
You kill Harold!
Vehumet accepts your kill. The lemure hits you. You block Pikel's attack.
The lemure hits you!
Your Dodging skill increases to level 6!
Casting: Sting (safe; 1% risk of failure)
Confirm with . or Enter, or press ? or * to list all spells.
Aiming: Poisonous Vapours (safe; 1% risk of failure)
Press: ? - help, Dir - move target, f - Pikel
Aim: Pikel, wielding a +1 whip of flaming and wearing a +0 robe Poisonous vapours surround Pikel!
Pikel is poisoned.
Pikel hits you with a +1 whip of flaming.
Pikel burns you.
A lemure comes into view.
The lemure misses you.
You hit Pikel. You grab Pikel. You squeeze Pikel.
Pikel is lightly wounded.
You constrict Pikel, but do no damage.
Pikel says, "You'll feel the lick of my whip!"
You block Pikel's attack. The lemure barely misses you.
The lemure closely misses you. Pikel barely misses you. The lemure misses you.
You hit Pikel. You squeeze Pikel.
Pikel is heavily wounded.
You constrict Pikel, but do no damage. The lemure misses you.
The lemure hits you. You block Pikel's attack. The lemure closely misses you.
The lemure completely misses you.
You hit Pikel.
Pikel is severely wounded.
You constrict Pikel. You block the lemure's attack.
Pikel hits you with a +1 whip of flaming!
* * * LOW HITPOINT WARNING * * *
Pikel burns you.
* * * LOW HITPOINT WARNING * * *
The lemure closely misses you. You block the lemure's attack.
The lemure barely misses you.
Pikel hits you with a +1 whip of flaming!
* * * LOW HITPOINT WARNING * * *
Pikel burns you.
You die...

............#..>.................
....<.......# #..(...............
............###..............5...
.#............#...............K..
#..........#....................
#.......<..###...#.....<.......@
#####.....>......)......##......
#.........5..#.###########5.
#..........@5#.###########K.
#.........K5##.@...K........
######..........5..#######.......
........(......###.............##
....##.........# #########...).#
################ #######


You could see Pikel (very poisoned) and 4 lemures.

Vanquished Creatures
  Harold (D:8)
  Joseph (D:7)
  An unseen horror (D:7)
  The ghost of JuniperTheExplorer the Caller, an amateur TrSu (D:4)
  A water moccasin (D:6)
  Duvessa (D:7)
  An orc warrior (D:7)
  3 sky beasts
  An ogre (D:4)
  2 black bears
  A centaur (D:5)
  A necrophage (D:6)
  2 phantoms
  A bullfrog (D:8)
  A gnoll sergeant (D:6)
  4 scorpions
  A water moccasin zombie (D:6)
  Dowan (D:7)
  A water moccasin skeleton (D:5)
  2 centaur zombies
  A bullfrog zombie (D:7)
  2 orc priests
  3 centaur skeletons (D:6)
  A gnoll shaman (D:6)
  3 hounds
  A jelly (D:6)
  2 bullfrog skeletons
  4 iguanas
  6 orc wizards
  A hound zombie (D:5)
  A hound skeleton (D:5)
  A howler monkey skeleton (D:7)
  15 gnolls
  2 adders
  A white imp (D:8)
  An ufetubus (D:5)
  2 worms (D:2)
  2 dart slugs
  26 orcs
  9 bats
  8 endoplasms
  5 giant cockroaches
  9 goblins
  5 hobgoblins
  3 jackals (D:3)
  3 quokkas
  12 ball pythons
  3 frilled lizards
  7 kobolds
  5 rats
172 creatures vanquished.

Vanquished Creatures (collateral kills)
  An ufetubus (D:4)
1 creature vanquished.

Grand Total: 173 creatures vanquished

Notes
Turn   | Place    | Note
-------+----------+-------------------------------------------
     0 | D:1      | voltaire321 the Octopode Venom Mage began the quest for the
                  | Orb.
     0 | D:1      | Reached XP level 1. HP: 11/11 MP: 3/3
   131 | D:1      | Reached XP level 2. HP: 8/18 MP: 1/5
   300 | D:1      | Learned a level 2 spell: Poisonous Vapours
   369 | D:1      | Found Jauson's Jewellery Shoppe.
   753 | D:1      | Found Esseish's General Store.
   801 | D:1      | Reached XP level 3. HP: 22/22 MP: 6/6
   809 | D:1      | Found a faded altar of an unknown god.
  1175 | D:1      | Reached skill level 1 in Fighting
  1773 | D:2      | Reached skill level 4 in Poison Magic
  1773 | D:2      | Reached XP level 4. HP: 4/28 MP: 7/7
  1775 | D:2      | HP: 1/28 [poisoned by an adder]
  1778 | D:2      | Identified a scroll of acquirement
  1778 | D:2      | Acquired 845 gold pieces
  2038 | D:1      | Bought a ring of wizardry for 330 gold pieces
  2038 | D:1      | Bought a +4 ring of evasion for 396 gold pieces
  2228 | D:2      | Reached skill level 1 in Air Magic
  2742 | D:3      | Reached skill level 1 in Shields
  3448 | D:3      | Reached XP level 5. HP: 33/33 MP: 8/8
  3946 | D:4      | Noticed an ogre
  3958 | D:4      | Killed an ogre
  3959 | D:4      | Reached XP level 6. HP: 39/39 MP: 10/10
  4004 | D:4      | Found Bethed's Book Boutique.
  4474 | D:4      | Learned a level 4 spell: Olgreb's Toxic Radiance
  4493 | D:4      | Found a large runed translucent door.
  4493 | D:4      | Found a large runed translucent door.
  4495 | D:4      | Noticed JuniperTheExplorer's ghost (amateur TrSu)
  4551 | D:5      | Entered Level 5 of the Dungeon
  4814 | D:5      | Reached XP level 7. HP: 38/45 MP: 11/11
  5294 | D:5      | Reached skill level 5 in Poison Magic
  5752 | D:5      | Reached XP level 8. HP: 29/52 MP: 13/13
  6443 | D:6      | Found a staircase to the Ecumenical Temple.
  7248 | D:6      | Found a shimmering altar of Xom.
  7309 | D:6      | Reached skill level 6 in Poison Magic
  7672 | D:6      | Reached XP level 9. HP: 36/58 MP: 15/15
  8141 | D:6      | Reached skill level 5 in Dodging
  9452 | D:1      | Bought a ring of see invisible for 165 gold pieces
  9453 | D:1      | Bought an amulet of reflection for 330 gold pieces
  9600 | D:4      | Killed JuniperTheExplorer's ghost
  9940 | Temple   | Entered the Ecumenical Temple
  9980 | Temple   | Became a worshipper of Vehumet
 10265 | D:7      | Noticed Dowan
 10279 | D:7      | Killed Dowan
 10342 | D:7      | Noticed an unseen horror
 10372 | D:7      | Killed an unseen horror
 10373 | D:7      | Reached skill level 5 in Spellcasting
 10373 | D:7      | Reached skill level 5 in Transmutations
 10373 | D:7      | Reached skill level 5 in Air Magic
 10373 | D:7      | Reached skill level 7 in Poison Magic
 10394 | D:7      | Noticed Duvessa
 10408 | D:7      | Killed Duvessa
 10409 | D:7      | Reached skill level 5 in Fighting
 10749 | D:7      | Noticed Joseph
 10760 | D:7      | Killed Joseph
 10761 | D:7      | Reached XP level 10. HP: 39/66 MP: 18/18
 11218 | D:8      | Noticed Harold
 11224 | D:8      | Noticed Pikel
 11252 | D:8      | Killed Harold
 11256 | D:8      | Slain by Pikel

Illustrated notes

Levels and vault maps discovered:
D:1:      zelgadis_glass_arrival_small, layout_basic,
          hellmonk_ecumenical_altar_arch_garden, serial_shops,
          nicolae_lakefront_shop, nicolae_shop_crystal
D:2:      layout_loops_ring
D:3:      layout_basic
D:4:      layout_basic, ebering_ghost_disaster_area, serial_shops, shop_coins
D:5:      layout_loops_ring
D:6:      cheibrodos_barr_body, layout_rooms, old_standard_altar,
          minmay_temple_entry_sparse_star
D:7:      layout_loops_ring, uniq_joseph, uniq_duvessa
D:8:      layout_rooms, minmay_shop_damaged, uniq_harold, uniq_pikel
Temple:   nicolae_temple_the_god_donut

Skill      XL: |  1  2  3  4  5  6  7  8  9 10 |
---------------+-------------------------------+-----
Fighting       | 1 2 3 5 |  5.6
Poison Magic   | 4 5 6 7 |  7.8
Air Magic      | 1 2 3 5 |  5.7
Shields        | 1 2 3 4 |  4.0
Transmutations | 2 3 4 5 |  5.0
Dodging        | 3 4 5 6 |  6.1
Spellcasting   | 3 4 5 |  5.6
Stealth        | |  2.6

Action                   |  1- 3 |  4- 6 |  7- 9 | 10-12 || total
-------------------------+-------+-------+-------+-------++-------
Melee: Unarmed           |     6 |       |       |       ||     6
       Constrict         |     8 |    27 |    32 |     4 ||    71
       Tentacles         |     2 |     6 |    27 |     3 ||    38
       Dagger            |    19 |    59 |       |       ||    78
       Mace              |       |    61 |   182 |    18 ||   261
 Cast: Sting             |    55 |    43 |    34 |     2 ||   134
       Poisonous Vapours |       |     2 |    80 |     8 ||    90
       Olgreb's Toxic Ra |       |       |     1 |       ||     1
  Use: Scroll            |       |    12 |     5 |     2 ||    19
       Potion            |       |     2 |       |       ||     2
 Stab: Sleeping          |       |     6 |     2 |     1 ||     9
Armor: Skin              |     4 |    11 |     8 |       ||    23
Dodge: Dodged            |    23 |   105 |   177 |    30 ||   335
Block: Buckler           |     3 |    24 |   119 |    19 ||   165
